 Dungeon Crawl Stone Soup version 0.28.0-45-g0d030f2227 (webtiles) character file.

Game seed: 4569012774066395108

250 Descartes the Ruffian (level 5, -2/50 HPs)
             Began as a Troll Delver on Apr 13, 2022.
             Slain by a centaur skeleton (4 damage)
             ... on level 5 of the Dungeon.
             The game lasted 00:00:48 (157 turns).

Descartes the Ruffian (Troll Delver)                 Turns: 157, Time: 00:00:49

Health: -2/50      AC:  4    Str: 20    XL:     5   Next: 88%
Magic:  4/4        EV:  9    Int:  8    God:
Gold:   15         SH:  0    Dex: 11    Spells: 4/4 levels left

rFire   . . .      SeeInvis .     - Unarmed
rCold   . . .      Faith    .   (no shield)
rNeg    . . .      Spirit   .   a - +0 robe
rPois   .          Reflect  .   (helmet restricted)
rElec   .          Harm     .   (no cloak)
rCorr   .          Rampage  .   (gloves unavailable)
Will    .....                   (boots unavailable)
Stlth   ++........              (no amulet)
HPRegen 0.96/turn               (no ring)
MPRegen 0.09/turn               (no ring)

@: lethally poisoned (-2 -> -3)
A: large, unfitting armour, claws 3, regeneration 1, shaggy fur 1, tough skin 1
a: no special abilities


You were on level 5 of the Dungeon.
You visited 1 branch of the dungeon, and saw 1 of its levels.

You collected 15 gold pieces.

Inventory:

Missiles
 i - 13 stones (quivered)
Armour
 a - a +0 robe (worn)
Wands
 f - a wand of digging (3)
Scrolls
 b - a scroll of fog
 c - a scroll of magic mapping
 d - a scroll of fear
 g - a scroll of noise {unknown}
 h - a scroll of acquirement {unknown}
Potions
 e - a potion of haste


   Skills:
 - Level 2.4 Fighting
 - Level 1.5 Dodging
 - Level 2.7 Stealth
 + Level 4.7 Unarmed Combat
 + Level 1.8 Translocations
 + Level 1.8 Transmutations


You had 4 spell levels left.
You didn't know any spells.
Your spell library was empty.

Dungeon Overview and Level Annotations

Branches:
Dungeon (5/15)
 Temple: D:4-7

Altars:


Innate Abilities, Weirdness & Mutations

You are too large for most types of armour.
You have claws for hands.
Your natural rate of healing is unusually fast.
You are covered in fur. (AC +1)
You have tough skin. (AC +1)


Message History

You closely miss the water moccasin.
The water moccasin is heavily wounded.
You feel sick.
The centaur skeleton hits you but does no damage.
The centaur skeleton kicks you but does no damage.
The water moccasin closely misses you.
You miss the water moccasin.
The water moccasin is heavily wounded.
You feel very sick. The centaur skeleton hits you.
* * * LOW HITPOINT WARNING * * *
The centaur skeleton kicks you but does no damage.
The water moccasin bites you but does no damage.
The centaur skeleton hits you.
* * * LOW HITPOINT WARNING * * *
The centaur skeleton kicks you but does no damage.
You claw the water moccasin!
You kill the water moccasin!
You feel sick.
The centaur skeleton hits you but does no damage.
The centaur skeleton kicks you.
* * * LOW HITPOINT WARNING * * *
You feel sick.
You see here a water moccasin corpse.
You claw the centaur skeleton!
The centaur skeleton is moderately damaged.
You feel sick. The centaur skeleton barely misses you.
The centaur skeleton closely misses you.
You claw the centaur skeleton!
The centaur skeleton is severely damaged.
You feel sick. The centaur skeleton hits you.
* * * LOW HITPOINT WARNING * * *
The centaur skeleton kicks you but does no damage.
You scratch the centaur skeleton.
The centaur skeleton is almost destroyed.
You feel sick. The centaur skeleton hits you.
* * * LOW HITPOINT WARNING * * *
The centaur skeleton kicks you but does no damage.
The centaur skeleton hits you.
You die...

.## .. # #.## ## ..
#..# .. ... #.## .#
#.# #..# .# #..#
##.## .# #.)#####
#..###.# #.....#
##..@Z.#
#####.######.####
#....##..†# .####
####.##.#..#
...#######....##...#
###.#........###
##.# #......####.##
.)# ...(...####.#
..# .#........... .)


You could see a centaur skeleton.

Vanquished Creatures
  A water moccasin (D:5)
  An ogre (D:5)
  A centaur skeleton (D:5)
  An iguana (D:5)
  An adder (D:5)
5 creatures vanquished.

Notes
Turn   | Place    | Note
-------+----------+-------------------------------------------
     0 | D:5      | Descartes the Troll Delver began the quest for the Orb.
     0 | D:5      | Reached XP level 1. HP: 22/22 MP: 0/0
    13 | D:5      | Reached XP level 2. HP: 17/29 MP: 1/1
    56 | D:5      | Reached skill level 3 in Unarmed Combat
    56 | D:5      | Reached XP level 3. HP: 27/36 MP: 2/2
    92 | D:5      | Noticed an ogre
   100 | D:5      | Killed an ogre
   101 | D:5      | Reached skill level 4 in Unarmed Combat
   101 | D:5      | Reached skill level 1 in Translocations
   101 | D:5      | Reached skill level 1 in Transmutations
   101 | D:5      | Reached XP level 4. HP: 28/44 MP: 3/3
   104 | D:5      | Noticed an ogre
   131 | D:5      | Noticed a water moccasin
   139 | D:5      | Reached XP level 5. HP: 40/50 MP: 4/4
   153 | D:5      | Killed a water moccasin
   157 | D:5      | HP: 2/50 [centaur skeleton (4)]
   157 | D:5      | Slain by a centaur skeleton

Illustrated notes

Levels and vault maps discovered:
D:5:      layout_rooms, mainiacjoe_overflow_paths, uniq_pikel

Skill      XL: |  1  2  3 |
---------------+----------+-----
Unarmed Combat | 3 4 |  4.7
Translocations | 1 |  1.8
Transmutations | 1 |  1.8
Fighting       | |  2.4
Dodging        | |  1.5
Stealth        | |  2.7

Action                   |  1- 3 |  4- 6 || total
-------------------------+-------+-------++-------
Melee: Unarmed           |    19 |    18 ||    37
       Punch             |     1 |       ||     1
Armor: Robe              |    11 |    15 ||    26
Dodge: Dodged            |    11 |    18 ||    29
